 Dungeon Crawl Stone Soup version 0.17.0-28-g6e173f8 (webtiles) character file.

413 ketsa the Grave Robber (level 7, -1/46 HPs)
             Began as a Human Necromancer on Dec 2, 2015.
             Killed from afar by an orc wizard (5 damage)
             ... with a puff of flame
             ... on level 5 of the Dungeon.
             The game lasted 00:16:45 (5747 turns).

ketsa the Grave Robber (Human Necromancer)          Turns: 5747, Time: 00:16:45

Health: -1/46      AC:  4    Str:  8    XL:     7   Next: 14%
Magic:  5/12       EV: 13    Int: 18    God:
Gold:   177        SH:  0    Dex: 13    Spells: 4 memorised, 4 levels left

rFire  . . .     SeeInvis .     v - +3 whip
rCold  . . .     Clarity  .     d - +0 leather armour
rNeg   . . .     SustAt   .     (no shield)
rPois  .         Gourm    .     (no helmet)
rElec  .         Spirit   .     F - +0 cloak
rCorr  .         Warding  .     (no gloves)
rMut   .         Stasis   .     (no boots)
MR     .....                    (no amulet)
Stlth  ++........               (no ring)
                                (no ring)

@: very slightly contaminated, hasted, very quick, not resistant to hostile
enchantments, unstealthy
A: no striking features
a: no special abilities


You were on level 5 of the Dungeon.
You were not hungry.

You visited 1 branch of the dungeon, and saw 5 of its levels.

You collected 177 gold pieces.

Inventory:

Hand Weapons
 f - a +0 short sword
 v - a +3 whip (weapon)
 w - a +0 spear
Missiles
 i - 158 stones (quivered)
 k - 9 arrows of flame
Armour
 a - a +0 robe
 d - a +0 leather armour (worn)
 C - a +0 shield
 F - a +0 cloak (worn)
Wands
 m - a wand of digging (13)
 t - a wand of fire (8)
 u - a wand of polymorph (7)
 x - a wand of confusion (34)
 y - a wand of magic darts (21)
Scrolls
 e - 4 scrolls of identify
 h - a scroll of enchant armour {unknown}
 j - a scroll of recharging
 l - 3 scrolls of teleportation
 n - 2 scrolls of fear {unknown}
 o - 2 scrolls of immolation {unknown}
 s - 2 scrolls of blinking {unknown}
 A - 2 scrolls of magic mapping {unknown}
Potions
 p - a potion of brilliance
 r - a potion of flight
 B - a potion of magic {unknown}
 E - a potion of degeneration {unknown}
Books
 b - a book of Necromancy

   Spells                             Type                      Level
   a - Pain                           Necromancy                   1
   b - Animate Skeleton               Necromancy                   1
   c - Vampiric Draining              Necromancy                   3
   d - Regeneration                   Charms/Necromancy            3
   e - Animate Dead                   Necromancy                   4
   f - Control Undead                 Necromancy                   4
Comestibles
 c - 4 bread rations
 z - a meat ration


   Skills:
 + Level 0.2 Fighting
 + Level 2.2 Maces & Flails
 + Level 3.9 Dodging
 - Level 2.0 Stealth
 + Level 3.4 Spellcasting
 - Level 2.1 Charms
 + Level 5.3 Necromancy


You had 4 spell levels left.
You knew the following spells:

 Your Spells              Type           Power        Failure   Level  Hunger
a - Pain                  Necr           ###.         2%          1    None
b - Animate Skeleton      Necr           N/A          2%          1    None
c - Vampiric Draining     Necr           ###.......   10%         3    ###....
d - Regeneration          Chrm/Necr      ###.......   17%         3    ###....


Dungeon Overview and Level Annotations

Branches:
Dungeon (5/15)
 Temple: D:4-7

Altars:
Ashenzari
Vehumet

Annotations:
D:4 Grinder


Message History

The orc priest closely misses you.
You closely miss the orc priest.
The orc priest is moderately wounded.
The orc priest hits you but does no damage.
You hit the orc priest.
The orc priest is heavily wounded.
You hit the orc priest.
The orc priest is almost dead.
The orc priest calls down the wrath of Beogh upon you.
Pain shoots through your body!
* * * LOW HITPOINT WARNING * * *
The orc wizard misses you.
You hit the orc priest but do no damage.
The orc priest is almost dead.
The orc priest hits you but does no damage.
You hit the orc priest.
You kill the orc priest!
The orc wizard points at you and mumbles some strange words.
The puff of flame hits you!
You die...

#.#.......
#.#.ho.o..
#.##'####. ######
#.##.# #. #....#
#.##.# ## #....#
#.##h# #
#....######.##o#####
#....##.oh.o........
#..@.##.############
#.o[.##.# #....##o#
.#....##h#
o'....##.#
##....##o#
.......).#
####.#####


You could see an orc wizard.

Vanquished Creatures
  A centaur (D:5)
  A crimson imp (D:5)
  An orc priest (D:5)
  3 worker ants
  3 gnolls (D:3)
  7 adders
  2 oozes
  3 worms
  4 giant geckos
  3 orcs
  A ball python (D:3)
  7 bats
  5 giant cockroaches
  11 goblins
  12 hobgoblins
  2 quokkas (D:5)
  A giant gecko skeleton (D:5)
  5 jackals
  A jackal zombie (D:5)
  2 kobolds
  3 rats
78 creatures vanquished.

Vanquished Creatures (collateral kills)
  An ooze (D:3)
  2 bats (D:3)
  A kobold (D:3)
  A rat (D:3)
5 creatures vanquished.

Grand Total: 83 creatures vanquished

Notes
Turn   | Place    | Note
--------------------------------------------------------------
     0 | D:1      | ketsa the Human Necromancer began the quest for the Orb.
     0 | D:1      | Reached XP level 1. HP: 13/13 MP: 3/3
   581 | D:1      | Reached XP level 2. HP: 19/19 MP: 5/5
   739 | D:1      | Learned a level 1 spell: Animate Skeleton
  1428 | D:1      | Reached XP level 3. HP: 24/24 MP: 4/6
  2077 | D:2      | Learned a level 3 spell: Vampiric Draining
  2092 | D:2      | Found a shattered altar of Ashenzari.
  2267 | D:2      | Reached XP level 4. HP: 28/30 MP: 4/7
  2300 | D:2      | Learned a level 3 spell: Regeneration
  3084 | D:3      | Reached XP level 5. HP: 4/35 MP: 1/9
  3524 | D:3      | Reached skill level 1 in Charms
  3804 | D:3      | Reached skill level 1 in Maces & Flails
  4603 | D:4      | Reached skill level 5 in Necromancy
  4603 | D:4      | Reached XP level 6. HP: 22/41 MP: 1/10
  4982 | D:4      | Noticed Grinder
  4993 | D:5      | Entered Level 5 of the Dungeon
  5373 | D:5      | Found a radiant altar of Vehumet.
  5694 | D:5      | Reached XP level 7. HP: 26/46 MP: 1/12
  5735 | D:5      | HP: 1/46 [orc priest/divine providence (14)]
  5747 | D:5      | Killed from afar by an orc wizard

Action                   |  1- 3 |  4- 6 |  7- 9 || total
-------------------------+-------+-------+-------++-------
Melee: Short sword       |    67 |    20 |       ||    87
       Whip              |       |   139 |    20 ||   159
 Cast: Pain              |    33 |    54 |     2 ||    89
       Animate Skeleton  |     4 |     8 |       ||    12
       Vampiric Draining |       |    11 |     1 ||    12
  Use: Scroll            |       |     4 |     2 ||     6
       Potion            |       |       |     4 ||     4
 Stab: Sleeping          |     5 |     2 |       ||     7
  Eat: Chunk             |     4 |     9 |       ||    13
       Fruit             |       |     3 |       ||     3
       Beef jerky        |       |     1 |       ||     1
